[ AOE2 MATCH · #463462022 ]
UnrankedByzantines vs Armenians
Player's team · LOSS
Rival team · WIN
[ REPLAY ANALYSIS · EXTRACTED FROM THE RECORDED GAME ]
Feudal
—
Castle
7:10
Imperial
13:29
| APM avg | 87.3 |
| APM peak | 136 |
| eAPM avg | 56.1 |
| Villagers / military | 106 / 84 |
Focus
⚔️ 52.2% · 🌾 47.8%
Unknown (2626) ×70 · Fire Galley ×62 · Fishing Ship ×21 · Galley ×19 · Demolition Raft ×3
Feudal
—
Castle
8:18
Imperial
14:55
| APM avg | 43.5 |
| APM peak | 65 |
| eAPM avg | 30.0 |
| Villagers / military | 38 / 58 |
Focus
⚔️ 44.9% · 🌾 55.1%
Unknown (2626) ×46 · Fire Galley ×32 · Fishing Ship ×23 · Galley ×21 · Demolition Raft ×4 · Warrior Priest ×1
Match map
Initial resources + every placement click. Lines = walls · curves = elevation contours. ◆ gold · ⬟ stone · ● berries · ✦ relic · ◌ wall gap
Your base· Open — 6t gap
我真的很难过's base· Open — 8t gap
Smoothed initial terrain · ◌ = detected wall gap · hover for details
Inputs per minute
— clh5699 - - 我真的很难过
Build order — clh5699
First 150 of 360 actions detected
| 0:06 | Create | Villager (Male) |
| 0:06 | Create | Villager (Male) |
| 0:11 | Create | Villager (Male) |
| 0:11 | Create | Villager (Male) |
| 0:12 | Create | Villager (Male) |
| 0:12 | Create | Villager (Male) |
| 0:21 | Build | Dock |
| 0:24 | Create | Villager (Male) |
| 0:29 | Create | Villager (Male) |
| 0:36 | Create | Villager (Male) |
| 0:43 | Build | Dock |
| 0:52 | Build | House |
| 0:54 | Build | House |
| 0:57 | Create | Fishing Ship |
| 0:57 | Create | Fishing Ship |
| 0:57 | Create | Fishing Ship |
| 0:59 | Create | Villager (Male) |
| 0:59 | Create | Villager (Male) |
| 1:05 | Create | Villager (Male) |
| 1:05 | Create | Villager (Male) |
| 1:10 | Create | Villager (Male) |
| 1:10 | Create | Villager (Male) |
| 1:14 | Create | Fishing Ship |
| 1:14 | Create | Fishing Ship |
| 1:14 | Create | Fishing Ship |
| 1:19 | Build | House |
| 1:25 | Create | Villager (Male) |
| 1:36 | Research | Double-Bit Axe |
| 1:37 | Create | Villager (Male) |
| 1:38 | Create | Villager (Male) |
| 1:38 | Create | Villager (Male) |
| 1:47 | Create | Fishing Ship |
| 1:47 | Create | Fishing Ship |
| 1:53 | Create | Villager (Male) |
| 1:53 | Create | Villager (Male) |
| 1:59 | Build | Dock |
| 2:00 | Create | Villager (Male) |
| 2:08 | Create | Villager (Male) |
| 2:08 | Create | Villager (Male) |
| 2:09 | Create | Villager (Male) |
| 2:09 | Create | Villager (Male) |
| 2:16 | Create | Villager (Male) |
| 2:25 | Create | Fishing Ship |
| 2:25 | Create | Fishing Ship |
| 2:27 | Create | Fishing Ship |
| 2:27 | Create | Fishing Ship |
| 2:30 | Create | Villager (Male) |
| 2:40 | Create | Villager (Male) |
| 2:40 | Create | Villager (Male) |
| 2:42 | Build | House |
| 2:47 | Create | Fishing Ship |
| 2:47 | Create | Fishing Ship |
| 2:53 | Build | House |
| 2:58 | Create | Fishing Ship |
| 2:58 | Create | Fishing Ship |
| 3:06 | Build | House |
| 3:07 | Create | Villager (Male) |
| 3:07 | Create | Villager (Male) |
| 3:22 | Build | Dock |
| 3:31 | Create | Fishing Ship |
| 3:31 | Create | Fishing Ship |
| 3:37 | Create | Villager (Male) |
| 3:37 | Create | Villager (Male) |
| 3:53 | Build | Market |
| 3:53 | Create | Villager (Male) |
| 3:53 | Create | Villager (Male) |
| 3:57 | Create | Villager (Male) |
| 3:57 | Create | Villager (Male) |
| 4:11 | Create | Fishing Ship |
| 4:11 | Create | Fishing Ship |
| 4:11 | Create | Fishing Ship |
| 4:15 | Build | House |
| 4:16 | Build | House |
| 4:30 | Research | Castle Age |
| 4:30 | Research | Castle Age |
| 4:48 | Build | Dock |
| 4:59 | Create | Galley |
| 4:59 | Create | Galley |
| 5:03 | Create | Galley |
| 5:03 | Create | Galley |
| 5:06 | Create | Villager (Male) |
| 5:06 | Create | Villager (Male) |
| 5:20 | Create | Galley |
| 5:21 | Create | Galley |
| 5:24 | Research | Fletching |
| 5:24 | Research | Fletching |
| 5:27 | Research | Gold Mining |
| 5:27 | Research | Gold Mining |
| 5:31 | Research | Horse Collar |
| 5:41 | Research | Padded Archer Armor |
| 5:48 | Create | Unit 2626 |
| 5:53 | Create | Galley |
| 5:53 | Create | Galley |
| 5:53 | Create | Galley |
| 6:06 | Create | Unit 2626 |
| 6:06 | Create | Unit 2626 |
| 6:15 | Create | Galley |
| 6:15 | Create | Galley |
| 6:23 | Build | House |
| 6:29 | Create | Galley |
| 6:29 | Create | Galley |
| 6:29 | Create | Galley |
| 6:40 | Create | Galley |
| 6:40 | Create | Galley |
| 6:51 | Create | Fire Galley |
| 6:51 | Create | Fire Galley |
| 6:51 | Create | Fire Galley |
| 7:10 | Age | Castle Age |
| 7:17 | Research | War Galley (upgrade) |
| 7:17 | Research | War Galley (upgrade) |
| 7:21 | Research | Bodkin Arrow |
| 7:22 | Create | Villager (Male) |
| 7:22 | Create | Villager (Male) |
| 7:23 | Create | Villager (Male) |
| 7:23 | Create | Villager (Male) |
| 7:24 | Create | Villager (Male) |
| 7:24 | Create | Villager (Male) |
| 7:24 | Create | Villager (Male) |
| 7:24 | Create | Villager (Male) |
| 7:25 | Create | Villager (Male) |
| 7:29 | Research | Bow Saw |
| 7:39 | Build | University |
| 7:45 | Create | Fire Galley |
| 7:45 | Create | Fire Galley |
| 7:58 | Research | Leather Archer Armor |
| 7:58 | Research | Leather Archer Armor |
| 7:59 | Create | Villager (Male) |
| 7:59 | Create | Villager (Male) |
| 7:59 | Create | Villager (Male) |
| 7:59 | Create | Villager (Male) |
| 8:00 | Create | Villager (Male) |
| 8:00 | Create | Villager (Male) |
| 8:00 | Create | Villager (Male) |
| 8:26 | Create | Galley |
| 8:26 | Create | Galley |
| 8:26 | Create | Galley |
| 8:58 | Create | Villager (Male) |
| 8:58 | Create | Villager (Male) |
| 9:17 | Create | Villager (Male) |
| 9:17 | Create | Villager (Male) |
| 9:22 | Create | Fire Galley |
| 9:23 | Create | Fire Galley |
| 9:23 | Create | Fire Galley |
| 9:35 | Create | Fire Galley |
| 9:36 | Create | Fire Galley |
| 9:36 | Create | Fire Galley |
| 9:37 | Create | Villager (Male) |
| 9:37 | Create | Villager (Male) |
| 9:37 | Create | Villager (Male) |
| 9:38 | Create | Villager (Male) |
Build order — 我真的很难过
First 150 of 235 actions detected
| 0:00 | Create | Villager (Male) |
| 0:00 | Create | Villager (Male) |
| 0:06 | Research | Double-Bit Axe |
| 0:17 | Build | Dock |
| 0:33 | Create | Villager (Male) |
| 0:41 | Create | Fishing Ship |
| 0:44 | Build | House |
| 0:59 | Create | Villager (Male) |
| 1:04 | Build | Dock |
| 1:19 | Create | Fishing Ship |
| 1:28 | Build | House |
| 1:31 | Create | Villager (Male) |
| 1:36 | Create | Fishing Ship |
| 1:45 | Create | Villager (Male) |
| 1:53 | Create | Unit 2626 |
| 2:08 | Research | Tech 906 |
| 2:08 | Research | Tech 906 |
| 2:13 | Create | Villager (Male) |
| 2:23 | Build | House |
| 2:31 | Build | Dock |
| 2:38 | Create | Fishing Ship |
| 2:42 | Create | Villager (Male) |
| 2:47 | Create | Fishing Ship |
| 2:59 | Create | Fishing Ship |
| 3:07 | Create | Villager (Male) |
| 3:17 | Create | Unit 2626 |
| 3:18 | Create | Unit 2626 |
| 3:25 | Create | Fishing Ship |
| 3:29 | Create | Villager (Male) |
| 3:32 | Create | Fishing Ship |
| 3:33 | Create | Fishing Ship |
| 3:38 | Build | House |
| 3:49 | Create | Fishing Ship |
| 3:53 | Create | Villager (Male) |
| 4:03 | Create | Fishing Ship |
| 4:05 | Create | Fishing Ship |
| 4:09 | Create | Villager (Male) |
| 4:17 | Create | Fishing Ship |
| 4:20 | Build | Dock |
| 4:23 | Create | Villager (Male) |
| 4:38 | Create | Fishing Ship |
| 4:39 | Create | Fishing Ship |
| 4:41 | Create | Fishing Ship |
| 4:52 | Build | House |
| 5:00 | Create | Fishing Ship |
| 5:05 | Create | Villager (Male) |
| 5:11 | Build | Market |
| 5:15 | Build | House |
| 5:34 | Build | Mule Cart |
| 5:35 | Research | Castle Age |
| 5:41 | Create | Fishing Ship |
| 5:45 | Create | Fishing Ship |
| 5:56 | Create | Fishing Ship |
| 5:59 | Create | Unit 2626 |
| 6:08 | Create | Fire Galley |
| 6:16 | Research | Gold Mining |
| 6:26 | Build | Dock |
| 6:34 | Create | Fire Galley |
| 6:39 | Create | Fire Galley |
| 6:49 | Create | Fire Galley |
| 7:13 | Create | Fire Galley |
| 7:14 | Create | Fire Galley |
| 7:20 | Create | Fire Galley |
| 7:21 | Build | House |
| 7:32 | Build | House |
| 7:39 | Build | House |
| 7:40 | Build | House |
| 7:41 | Build | House |
| 7:48 | Create | Fire Galley |
| 7:49 | Create | Fire Galley |
| 8:05 | Build | House |
| 8:07 | Create | Fire Galley |
| 8:18 | Age | Castle Age |
| 8:23 | Research | War Galley (upgrade) |
| 8:25 | Research | Bow Saw |
| 8:25 | Create | Villager (Male) |
| 8:29 | Build | University |
| 8:30 | Create | Villager (Male) |
| 8:44 | Create | Fire Galley |
| 8:49 | Research | Fletching |
| 8:50 | Create | Fire Galley |
| 8:58 | Create | Fire Galley |
| 9:03 | Research | Careening |
| 9:04 | Create | Villager (Male) |
| 9:13 | Create | Fire Galley |
| 9:18 | Create | Fire Galley |
| 9:19 | Create | Fire Galley |
| 9:22 | Create | Villager (Male) |
| 9:31 | Create | Fire Galley |
| 9:32 | Create | Fire Galley |
| 9:38 | Create | Villager (Male) |
| 9:44 | Build | Mule Cart |
| 9:56 | Research | Gillnets |
| 10:03 | Build | Monastery |
| 10:05 | Research | Tech 908 |
| 10:10 | Create | Fire Galley |
| 10:18 | Create | Villager (Male) |
| 10:20 | Build | House |
| 10:21 | Create | Fire Galley |
| 10:32 | Create | Fire Galley |
| 10:32 | Create | Fire Galley |
| 10:35 | Create | Fire Galley |
| 10:41 | Create | Villager (Male) |
| 10:47 | Create | Warrior Priest |
| 11:00 | Build | House |
| 11:05 | Create | Villager (Male) |
| 11:44 | Research | Imperial Age |
| 11:49 | Create | Fire Galley |
| 11:50 | Create | Fire Galley |
| 11:58 | Create | Fire Galley |
| 12:00 | Build | Dock |
| 12:15 | Research | Tech 909 |
| 12:28 | Research | Gold Shaft Mining |
| 12:36 | Create | Fire Galley |
| 12:37 | Create | Fire Galley |
| 12:38 | Create | Fire Galley |
| 12:41 | Create | Fire Galley |
| 12:43 | Create | Fire Galley |
| 12:50 | Create | Fishing Ship |
| 12:52 | Build | House |
| 12:53 | Create | Fishing Ship |
| 12:55 | Create | Fishing Ship |
| 13:00 | Create | Fire Galley |
| 13:14 | Create | Galley |
| 13:17 | Research | Bodkin Arrow |
| 13:17 | Research | Bodkin Arrow |
| 13:23 | Research | Ballistics |
| 13:33 | Create | Galley |
| 13:33 | Create | Galley |
| 13:35 | Create | Galley |
| 13:37 | Build | House |
| 13:39 | Create | Galley |
| 13:42 | Create | Galley |
| 13:46 | Create | Galley |
| 14:01 | Create | Galley |
| 14:03 | Create | Galley |
| 14:16 | Create | Galley |
| 14:24 | Build | Dock |
| 14:26 | Create | Galley |
| 14:28 | Create | Galley |
| 14:32 | Create | Galley |
| 14:41 | Create | Galley |
| 14:55 | Age | Imperial Age |
| 15:02 | Research | Bracer |
| 15:03 | Research | Bracer |
| 15:14 | Research | Galleon (upgrade) |
| 15:17 | Create | Villager (Male) |
| 15:27 | Research | Chemistry |
| 15:33 | Research | Tech 910 |
| 15:34 | Create | Villager (Male) |
Match timeline
| 0:17 | 我真的很难过 · first_building Dock |
| 0:21 | clh5699 · first_building Dock |
| 7:10 | clh5699 · age_up castle |
| 8:18 | 我真的很难过 · age_up castle |
| 9:59 | clh5699 · first_building Monastery |
| 10:03 | 我真的很难过 · first_building Monastery |
| 10:35 | clh5699 · first_market_sell 100 food |
| 11:02 | 我真的很难过 · first_market_sell 100 stone |
| 13:29 | clh5699 · age_up imperial |
| 14:55 | 我真的很难过 · age_up imperial |
| 21:11 | clh5699 · resign |
[ AI ANALYSIS · 1 CREDIT ]
What really happened in this match?
Wolo.gg analyzes every decision: build order, eco, micro, common mistakes by bracket. Personalized analysis on WhatsApp or Discord in 30 seconds.
Civ guide
Byzantines
Map guide
Aquarena
Perfil
Jugador #24076584